 Dungeon Crawl Stone Soup version 0.30-a0-137-gd8773701ce (webtiles) character file.

Game seed: 210302243928837348

42154 jt the Warrior (level 14, -22/135 HPs)
             Began as a Naga Hunter on Sept 22, 2022.
             Was the Champion of Hepliaklqana.
             Annihilated by a skeletal warrior
             ... wielding a +0 battleaxe
              (28 damage)
             ... on level 12 of the Dungeon.
             The game lasted 01:01:27 (21916 turns).

jt the Warrior (Naga Hunter)                       Turns: 21916, Time: 01:01:28

Health: -22/135    AC:  9    Str: 15    XL:     14   Next: 18%
Magic:  9/17       EV: 12    Int: 10    God:    Hepliaklqana [******]
Gold:   742        SH:  0    Dex: 18    Spells: 13/13 levels left

rFire   . . .      SeeInvis +    a - +2 shortbow (freeze)
rCold   + . .      Faith    +    (shield currently unavailable)
rNeg    + . .      Spirit   .    B - +2 robe {rC+}
rPois   +          Reflect  .    (helmet restricted)
rElec   .          Harm     .    (no cloak)
rCorr   .          Rampage  .    w - +1 pair of gloves
Will    +....                    (no barding)
Stlth   +++.......               s - amulet of faith
HPRegen 0.32/turn                m - ring of positive energy
MPRegen 0.15/turn                (no ring)

@: very slow
A: reduced essence, AC +4, large, see invisible, deformed body, poison
resistance, slowness 2, spit poison 1, naga tail 2, antennae 1, MP-powered wands
a: Spit Poison, Renounce Religion, Recall Ancestor, Ancestor Identity,
Transference, Idealise


You were on level 12 of the Dungeon.
You worshipped Hepliaklqana.
Hepliaklqana was exalted by your worship.
You visited 3 branches of the dungeon, and saw 19 of its levels.
You also visited: Ice Cave.

You collected 1093 gold pieces.
You spent 351 gold pieces at shops.

Inventory:

Hand Weapons
 a - a +2 shortbow of freezing (weapon)
 g - a +2 dagger of draining
 t - the +10 trident of the Disturbing Beds {vorpal, rF- rCorr Str+6 SInv}
   (You found it on level 2 of the Lair of Beasts)

   It inflicts extra damage upon your enemies.
   Str:       It affects your strength (+6).
   rF:        It makes you vulnerable to fire.
   SInv:      It lets you see invisible.
   rCorr:     It protects you from acid and corrosion.
 F - a +1 sling of freezing
 H - a +1 vorpal trident
 J - a +2 spear of venom
 R - a +2 long sword of flaming
 T - a +0 longbow
 X - a +1 vampiric broad axe
Missiles
 O - 3 poisoned darts
 Q - 3 boomerangs of dispersal
 Y - 11 javelins
Armour
 c - the +5 scale mail of Analysis {MP+9 Int+4}
   (You found it on level 5 of the Dungeon)

   Int:       It affects your intelligence (+4).
   MP:        It affects your magic capacity (+9).
 u - a +0 helmet
 w - a +1 pair of gloves (worn)
 x - a +0 tower shield
 B - a +2 robe of cold resistance (worn)
 L - a +0 robe of willpower
 M - a +2 leather armour of fire resistance
 S - the +1 ring mail of Diaciled {rF+ Will- Slay+2 SInv}
   (You found it on level 13 of the Dungeon)

   Slay:      It affects your accuracy & damage with ranged weapons and melee
   (+2).
   rF:        It protects you from fire.
   SInv:      It lets you see invisible.
   Will:      It decreases your willpower.
 V - +0 steam dragon scales
 W - a +2 kite shield
Magical Staves
 r - a staff of air
Jewellery
 m - a ring of positive energy (left hand)
 s - an amulet of faith (around neck)
 z - a ring of flight
Wands
 o - a wand of paralysis (11)
 v - a wand of flame (5)
Scrolls
 b - a scroll of magic mapping
 d - 2 scrolls of identify
 h - 2 scrolls of vulnerability
 i - a scroll of silence
 p - 2 scrolls of enchant weapon
 C - a scroll of teleportation
 K - 4 scrolls of poison
 N - a scroll of enchant armour
 U - a scroll of blinking
 Z - a scroll of butterflies
Potions
 e - 3 potions of might
 f - a potion of invisibility
 j - 3 potions of brilliance
 k - 3 potions of curing
 l - a potion of cancellation
 n - a potion of haste
 q - 2 potions of ambrosia
 A - 3 potions of mutation
 D - 2 potions of magic
 E - 2 potions of resistance
 G - 2 potions of flight
 P - 2 potions of lignification
Miscellaneous
 I - a tin of tremorstones (1/2)


   Skills:
 + Level 16.3 Fighting
 + Level 14.3 Ranged Weapons
 - Level 1.0 Armour
 - Level 5.0 Dodging
 - Level 5.0 Stealth
 - Level 5.0 Invocations
 + Level 5.7 Evocations


You had 13 spell levels left.
You didn't know any spells.
Your spell library contained the following spells:

 Spells                   Type           Power      Damage    Failure   Level
 Summon Small Mammal      Summ           0%         N/A       36%         1
 Call Canine Familiar     Summ           0%         N/A       75%         3
 Frozen Ramparts          Ice            0%         1d1       75%         3
 Gell's Gravitas          Tloc           0%         N/A       75%         3
 Ignite Poison            Fire/Tmut/Pois 0%         N/A       75%         3
 Lesser Beckoning         Tloc           0%         N/A       75%         3
 Mephitic Cloud           Conj/Pois/Air  0%         N/A       75%         3
 Summon Guardian Golem    Hex/Summ       0%         N/A       75%         3
 Teleport Other           Tloc           0%         N/A       75%         3
 Freezing Cloud           Conj/Ice/Air   0%         6-21      100%        5
 Eringya's Noxious Bog    Tmut/Pois      0%         N/A       100%        6


Dungeon Overview and Level Annotations

Branches:
Dungeon (13/15)            Temple (1/1) D:4            Lair (5/5) D:11
 Shoals (0/4) Lair:2        Snake (0/4) Lair:2        Slime (0/5) Lair:5
  IceCv (visited)
    Orc: D:9-12      Vaults: D:13-14

Altars:
Ashenzari
Cheibriados
Dithmenos
Elyvilon
Gozag
Hepliaklqana
Kikubaaqudgha
Makhleb
Nemelex Xobeh
Okawaru
Qazlal
Ru
Sif Muna
Trog
Uskayaw
Vehumet
Wu Jian
Xom
Yredelemnul
Zin
The Shining One
Jiyva

Shops:
D:12 *

Annotations:
D:7 exclusion: two-headed ogre
D:9 3 runed translucent doors, p0werm0de's ghost, novice MeCK


Innate Abilities, Weirdness & Mutations

Your life essence is reduced to manifest your ancestor. (-10% HP)
Your serpentine skin is tough. (AC +4)
You have supernaturally acute eyesight. (SInv)
Armour fits poorly on your strangely shaped body.
Your system is resistant to poisons. (rPois)
You cover ground very slowly.
You can spit poison.
You can use your snake-like lower body to constrict enemies.
You have a pair of small antennae on your head.
You expend magic power (3 MP) to strengthen your wands.


Message History

Fire: a) +2 shortbow (freeze)
Press: ? - help, Q - select action, (/) - cycle Shift-Dir - straight line, f/p - skeletal warrior
Aim: a skeletal warrior, wielding a +0 battleaxe (almost destroyed, 75% to hit)
You shoot an arrow.
The arrow hits the skeletal warrior but does no damage.
The skeletal warrior is almost destroyed.
Fire: a) +2 shortbow (freeze)
Press: ? - help, Q - select action, (/) - cycle Shift-Dir - straight line, f/p - skeletal warrior
Aim: a skeletal warrior, wielding a +0 battleaxe (almost destroyed, 75% to hit)
You shoot an arrow. The arrow hits the skeletal warrior.
The arrow freezes the skeletal warrior.
The skeletal warrior is almost destroyed.
The skeletal warrior hits you with a +0 battleaxe!
Fire: a) +2 shortbow (freeze)
Press: ? - help, Q - select action, (/) - cycle Shift-Dir - straight line, f/p - skeletal warrior
Aim: a skeletal warrior, wielding a +0 battleaxe (almost destroyed, 75% to hit)
You shoot an arrow.
The arrow hits the skeletal warrior but does no damage.
The skeletal warrior is almost destroyed.
The skeletal warrior hits you with a +0 battleaxe!!
* * * LOW HITPOINT WARNING * * *
Unknown command.
Fire: a) +2 shortbow (freeze)
Press: ? - help, Q - select action, (/) - cycle Shift-Dir - straight line, f/p - skeletal warrior
Aim: a skeletal warrior, wielding a +0 battleaxe (almost destroyed, 75% to hit)
You shoot an arrow.
The arrow hits the skeletal warrior but does no damage.
The skeletal warrior is almost destroyed.
The skeletal warrior hits you with a +0 battleaxe!!
* * * LOW HITPOINT WARNING * * *
Aiming: Fastroot
Press: ? - help, Shift-Dir - straight line, f/p - skeletal warrior
Aim: a skeletal warrior, wielding a +0 battleaxe (almost destroyed)
You feel a surge of power!
The roots erupt in riotous growth!
Roots grab the skeletal warrior.
The now-empty wand crumbles to dust.
The grasping roots constrict the skeletal warrior.
You hear an angry buzzing noise.
The skeletal warrior hits you with a +0 battleaxe!!
You die...

.<....###....... ##
..###...###...###.#
#.........###...#
...###...###.#....#
......###...#.....#
..###.#.)..#....#
#.....#...## #..z.#.###.#
.#..@###...# ..
#.###.#....# ## ..#
.###^..#.....# #.###
#.###.#....#....##
..(..###...#..<..#...##
......#....#....#.###.###
.....#.....#...###..R#..#
.....#....#.###.#....#.)#
.....#...###...#.....#..#


You could see a skeletal warrior (rooted).

Vanquished Creatures
  A dire elephant (Lair:5)
  Josephine (Lair:5)
  2 hydras
  A two-headed ogre (D:11)
  2 slime creatures
  A spectral death yak (Lair:5)
  3 skeletal warriors
  Pikel (D:6)
  A cyclops (D:13)
  A manticore (Lair:2)
  3 black mambas
  2 elephants (Lair:5)
  A torpor snail (Lair:4)
  2 gargoyles
  Psyche (D:9)
  4 cane toads
  3 komodo dragons (Lair:4)
  A freezing wraith (IceCv)
  4 ice devils (IceCv)
  4 anaconda simulacra (IceCv)
  A wind drake (Lair:2)
  A polar bear (Lair:2)
  3 trolls
  A hornet (D:7)
  5 blink frogs
  A spectral elephant (Lair:5)
  A dire elephant simulacrum (IceCv)
  2 shadows
  A basilisk (D:11)
  19 yaks
  2 wraiths
  2 wyverns
  A steam dragon (Lair:4)
  Grum (D:8)
  Menkaure (D:6)
  A harpy simulacrum (IceCv)
  10 water moccasins
  3 ice beasts
  3 black bears
  5 wolves
  A phantom (D:5)
  3 centaurs
  A lemure (D:6)
  A necrophage (D:7)
  6 bullfrogs
  4 cane toad simulacra (IceCv)
  3 scorpions
  2 two-headed ogre simulacra (IceCv)
  2 wights (D:9)
  4 elephant simulacra (IceCv)
  4 killer bees (D:10)
  2 spriggan skeletons (D:13)
  5 electric eels (D:8)
  An orc priest (D:6)
  3 jellies
  3 orc wizards
  3 iguanas
  A spriggan simulacrum (IceCv)
  3 hell rats
  2 polar bear simulacra (IceCv)
  A wolf simulacrum (IceCv)
  Robin (D:3)
  6 gnolls
  5 adders
  A shadow imp (D:6)
  3 white imps
  An ufetubus (D:5)
  2 worms
  2 dart slugs
  21 orcs
  7 endoplasms
  4 giant cockroaches
  13 goblins
  13 hobgoblins
  5 kobolds
  3 quokkas
  10 ball pythons
  5 bats
  2 frilled lizards (D:3)
  4 rats
266 creatures vanquished.

Vanquished Creatures (collateral kills)
  A catoblepas (Lair:5)
  A centaur warrior (D:13)
  2 two-headed ogres
  Urug (Lair:1)
  4 black mambas
  Joseph (D:8)
  6 cane toads
  A rime drake (Lair:3)
  5 komodo dragons
  Maggie (Lair:1)
  2 ice devils (IceCv)
  4 blink frogs
  3 slime creatures
  2 wraiths (Lair:5)
  4 wyverns
  26 yaks
  A basilisk (Lair:2)
  A harpy simulacrum (IceCv)
  4 water moccasins
  5 wolves
  2 centaurs
  2 cane toad simulacra (IceCv)
  A gnoll sergeant (D:11)
  4 wights
  2 killer bees (D:10)
  2 howler monkeys (D:9)
  3 spriggan skeletons (D:13)
  A troll skeleton (D:13)
  2 orc priests (D:6)
  A hound (D:5)
  An iguana (D:6)
  3 orc wizards
  3 hell rats (Lair:5)
  A gnoll (D:11)
  A naga simulacrum (IceCv)
  A shadow imp (D:8)
  9 orcs
114 creatures vanquished.

Vanquished Creatures (others)
  A howler monkey (D:9)
  6 knights
  An ancestor (D:6)
  16 fungi
  26 plants
  10 withered plants (Lair:5)
60 creatures vanquished.

Grand Total: 440 creatures vanquished

Notes
Turn   | Place    | Note
-------+----------+-------------------------------------------
     0 | D:1      | jt the Naga Hunter began the quest for the Orb.
     0 | D:1      | Reached XP level 1. HP: 19/19 MP: 1/1
    92 | D:1      | Reached XP level 2. HP: 19/26 MP: 2/2
    92 | D:1      | Got the Parchment of Rank Rime
   685 | D:2      | Reached XP level 3. HP: 29/32 MP: 3/3
  1512 | D:3      | Reached skill level 5 in Ranged Weapons
  1512 | D:3      | Reached skill level 1 in Evocations
  1512 | D:3      | Reached XP level 4. HP: 39/39 MP: 4/4
  1607 | D:3      | Noticed Robin
  2139 | D:3      | Killed Robin
  2542 | D:3      | Reached XP level 5. HP: 33/45 MP: 5/5
  2701 | D:3      | Found a faded altar of an unknown god.
  2957 | D:4      | Noticed a black bear
  2967 | D:4      | Killed a black bear
  3054 | D:4      | Reached XP level 6. HP: 51/52 MP: 6/6
  3356 | D:4      | Found a staircase to the Ecumenical Temple.
  3373 | Temple   | Entered the Ecumenical Temple
  3378 | Temple   | Became a worshipper of Hepliaklqana the Forgotten
  3513 | D:5      | Entered Level 5 of the Dungeon
  4037 | D:5      | Noticed a black bear
  4290 | D:5      | Noticed an ice beast
  4297 | D:5      | Killed an ice beast
  4298 | D:5      | Reached XP level 7. HP: 60/60 MP: 7/7
  4400 | D:5      | Identified the +5 scale mail of Analysis {MP+9 Int+4}
  4634 | D:5      | Reached * piety under Hepliaklqana
  5106 | D:5      | Reached XP level 8. HP: 58/60 MP: 8/8
  5599 | D:6      | Reached skill level 1 in Invocations
  5787 | D:6      | Found a sacrificial altar of Ru.
  5808 | D:6      | Found a stormy altar of Qazlal.
  5901 | D:6      | Noticed Menkaure
  5904 | D:6      | Killed Menkaure
  6103 | D:6      | Reached ** piety under Hepliaklqana
  6104 | D:6      | Remembered your ancestor Henutmehyt as a knight
  6325 | D:6      | Noticed Pikel
  6348 | D:6      | Killed Pikel
  6349 | D:6      | Reached skill level 10 in Ranged Weapons
  6349 | D:6      | Reached XP level 9. HP: 49/65 MP: 10/10
  6529 | D:7      | Noticed a hornet
  6532 | D:7      | Killed a hornet
  6533 | D:7      | Reached skill level 5 in Evocations
  6807 | D:7      | Found Zin's Purification Station.
  6809 | D:7      | Found a glowing silver altar of Zin.
  6815 | D:7      | Bought a potion of curing for 90 gold pieces
  6954 | D:7      | Noticed a two-headed ogre
  7322 | D:8      | Noticed Grum
  7350 | D:7      | Reached *** piety under Hepliaklqana
  8275 | D:7      | Reached skill level 3 in Fighting
  8275 | D:7      | Reached XP level 10. HP: 29/75 MP: 11/11
  8554 | D:8      | Noticed Joseph
  8561 | D:8      | Killed Joseph
  8562 | D:8      | Reached skill level 4 in Fighting
  8936 | D:8      | Killed Grum
  8937 | D:8      | Reached skill level 5 in Fighting
  9168 | D:8      | Noticed a two-headed ogre
  9175 | D:8      | Killed a two-headed ogre
  9542 | D:8      | Reached skill level 6 in Fighting
  9665 | D:9      | Reached **** piety under Hepliaklqana
  9666 | D:9      | Found a runed translucent gate.
  9667 | D:9      | Found a runed translucent gate.
  9667 | D:9      | Noticed p0werm0de's ghost (novice MeCK)
  9668 | D:9      | Found a runed translucent gate.
  9701 | D:9      | Noticed Psyche
  9710 | D:9      | Killed Psyche
  9763 | D:8      | Reached skill level 7 in Fighting
  9769 | D:8      | Reached XP level 11. HP: 64/90 MP: 10/12
 10647 | D:9      | Noticed a two-headed ogre
 10654 | D:9      | Killed a two-headed ogre
 10655 | D:9      | Reached skill level 8 in Fighting
 10661 | D:9      | Found a basalt altar of Yredelemnul.
 10661 | D:9      | Found an ornate altar of the Wu Jian Council.
 10662 | D:9      | Found a shadowy altar of Dithmenos.
 10862 | D:10     | Entered Level 10 of the Dungeon
 11679 | D:10     | Reached ***** piety under Hepliaklqana
 11948 | D:11     | Noticed a two-headed ogre
 11958 | D:11     | Killed a two-headed ogre
 11959 | D:11     | Reached skill level 9 in Fighting
 12357 | D:11     | Gained mutation: You have a pair of small antennae on your
                  | head. [potion of mutation]
 12357 | D:11     | Gained mutation: You expend magic power (3 MP) to
                  | strengthen your wands. [potion of mutation]
 12391 | D:11     | Found a staircase to the Lair.
 12414 | Lair:1   | Entered Level 1 of the Lair of Beasts
 12678 | Lair:1   | Noticed Maggie
 12689 | Lair:1   | Killed Maggie
 12723 | Lair:1   | Noticed Urug
 12735 | Lair:1   | Killed Urug
 12736 | Lair:1   | Reached skill level 1 in Armour
 13138 | Lair:2   | Noticed a manticore
 13328 | Lair:2   | Found a staircase to the Shoals.
 13371 | Lair:2   | Reached XP level 12. HP: 103/103 MP: 14/14
 13569 | Lair:2   | Found a staircase to the Snake Pit.
 13618 | Lair:2   | Reached skill level 5 in Stealth
 13900 | Lair:2   | Reached skill level 10 in Fighting
 13958 | Lair:2   | Identified the +10 trident of the Disturbing Beds {vorpal,
                  | rF- rCorr Str+6 SInv}
 14517 | Lair:3   | Reached skill level 5 in Invocations
 14676 | Lair:3   | Found a frozen archway.
 14711 | IceCv    | Entered an ice cave
 14872 | IceCv    | Found an ancient bone altar of Kikubaaqudgha.
 15209 | IceCv    | Reached skill level 11 in Fighting
 15209 | IceCv    | Reached skill level 5 in Dodging
 15606 | Lair:3   | Reached skill level 12 in Fighting
 15724 | Lair:3   | Reached ****** piety under Hepliaklqana
 15855 | Lair:3   | Gained mutation: You can use your snake-like lower body to
                  | constrict enemies. [Naga growth]
 15855 | Lair:3   | Reached XP level 13. HP: 117/117 MP: 16/16
 16573 | Lair:4   | Reached skill level 13 in Fighting
 17464 | Lair:4   | Reached skill level 14 in Fighting
 17769 | Lair:5   | Entered Level 5 of the Lair of Beasts
 18679 | Lair:5   | Found a viscous altar of Jiyva.
 18679 | Lair:5   | Found a staircase to the Slime Pits.
 18773 | Lair:5   | Noticed Josephine
 18979 | Lair:5   | Killed Josephine
 18980 | Lair:5   | Reached skill level 15 in Fighting
 19205 | Lair:5   | Noticed a dire elephant
 19206 | Lair:5   | Noticed a dire elephant
 19207 | Lair:5   | Noticed a dire elephant
 19207 | Lair:5   | Noticed a dire elephant
 19207 | Lair:5   | Noticed a dire elephant
 19236 | Lair:5   | Killed a dire elephant
 19845 | D:11     | You fall into a shaft and drop 2 floors!
 19943 | D:13     | Identified the +1 ring mail of Diaciled {rF+ Will- Slay+2
                  | SInv}
 20035 | D:13     | Reached skill level 16 in Fighting
 20035 | D:13     | Reached XP level 14. HP: 32/135 MP: 15/17
 20556 | D:12     | Found Fael's General Store.
 20980 | D:12     | Bought a +2 shortbow of freezing for 261 gold pieces
 21915 | D:12     | HP: 6/135 [skeletal warrior/+0 battleaxe (23)]
 21916 | D:12     | Annihilated by a skeletal warrior

Illustrated notes

Levels and vault maps discovered:
D:1:      minmay_arrival_solitary_statue, layout_rooms
D:2:      layout_basic
D:3:      layout_basic, dreamdust_ecumenical_altar_grove,
          nicolae_elevator_lobby_plus, uniq_robin
D:4:      layout_rooms, minmay_temple_entry_junction_2
D:5:      layout_layer_cave
D:6:      layout_basic, mainiacjoe_overflow_catwalk_spiral,
          hangedman_decor_diamond_cutter, uniq_pikel, uniq_menkaure
D:7:      nicolae_cairo_tiling_large_dashed, layout_basic, zin_purify,
          serial_corexii_hall, chequers_hall_statues_corner_a,
          corexii_hall_statues_l, corexii_hall_statues_l
D:8:      layout_cave_pods, serial_bayou_lagoon_b, uniq_grum, uniq_joseph
D:9:      layout_cave_pools, gammafunk_temple_overflow_claw,
          biasface_ghost_orc_armoury, uniq_psyche
D:10:     layout_gridville, nicolae_overflow_hidden_temple
D:11:     layout_basic, dpeg_oklobed_lair
D:12:     nicolae_BIG_FREAKIN_CUBE, layout_gridville,
          kennysheep_orc_monster_closet_entryway, serial_shops,
          nicolae_stop_n_shop_1, uniq_fannar, uniq_erolcha
D:13:     layout_big_octagon, hangedman_decor_lopped, hangedman_tell_no_tales
Temple:   minmay_freezing_vapour_temple
Lair:1:   layout_gridlike, uniq_urug, uniq_maggie
Lair:2:   layout_cave_pods, minmay_shoals_entry_beasts, dummy_snake_entry,
          nicolae_quartered_pool_super, lemuel_fruit_tree, grunt_megastairs_1
Lair:3:   layout_small_grid, portal_ice_cave_entry_pillars_2, minmay_hedge_maze
Lair:4:   layout_hall_layers, st_stairs_5, serial_bayou_shore_b
Lair:5:   due_jungle_book, layout_big_grid, slime_entry_1, grunt_megastairs_5,
          uniq_josephine

Skill      XL: |  1  2  3  4  5  6  7  8  9 10 11 12 13 |
---------------+----------------------------------------+-----
Ranged Weapons | 4 5 6 7 8 10 11 13 14 | 14.3
Evocations     | 1 2 4 5 |  5.7
Invocations    | 2 3 5 |  5.0
Fighting       | 3 7 9 12 16 | 16.3
Stealth        | 3 5 |  5.0
Armour         | 1 |  1.0
Dodging        | 2 5 |  5.0

Action                   |  1- 3 |  4- 6 |  7- 9 | 10-12 | 13-15 || total
-------------------------+-------+-------+-------+-------+-------++-------
 Fire: Shortbow          |    95 |   166 |   251 |   316 |    67 ||   895
       Sling             |       |       |       |   390 |   474 ||   864
Throw: Dart              |       |       |       |     1 |       ||     1
Invok: Ancestor Life: Kn |       |       |     1 |       |       ||     1
       Recall Ancestor   |       |       |     1 |    10 |     5 ||    16
       Transference      |       |       |       |       |     6 ||     6
 Abil: Spit Poison       |     4 |    10 |     4 |     8 |     1 ||    27
Evoke: Wand              |       |     4 |     3 |    12 |    12 ||    31
       Tin of tremorston |       |       |       |       |     1 ||     1
  Use: Scroll            |     4 |     5 |     5 |     8 |     4 ||    26
       Potion            |       |       |     8 |     9 |     1 ||    18
Armor: Leather armour    |     3 |    29 |       |       |       ||    32
       Robe              |       |       |    36 |    40 |    61 ||   137
Dodge: Dodged            |    17 |    42 |    42 |    90 |   114 ||   305

Table legend: (Time is in decaauts)
 A = Elapsed time spent in this place.
 B = Non-inter-level travel time spent in this place.
 C = Inter-level travel time spent in this place.
 D = Time resting spent in this place.
 E = Time spent auto-exploring this place.
 F = Levels seen in this place.
 G = Mean time per level.
                   A        B        C        D        E       F      G
               +--------+--------+--------+--------+--------+-----+--------+
         Total |  26008 |  25172 |    836 |   7945 |  12413 |  20 | 1300.4 |
       Dungeon |  17463 |  16952 |    511 |   5159 |   8666 |  13 | 1343.3 |
        Temple |     13 |     13 |      0 |      0 |      0 |   1 |   13.0 |
          Lair |   7676 |   7352 |    324 |   2215 |   3718 |   5 | 1535.2 |
      Ice Cave |    854 |    854 |      0 |    570 |     28 |   1 |  854.0 |
               +--------+--------+--------+--------+--------+-----+--------+

Top non-repeatable levels by time:
     D:8: 2702 daAuts
  Lair:4: 2402 daAuts
    D:11: 2036 daAuts
     D:5: 1969 daAuts
     D:3: 1757 daAuts
     D:7: 1722 daAuts
  Lair:3: 1530 daAuts
     D:6: 1420 daAuts
  Lair:2: 1405 daAuts
    D:10: 1267 daAuts
     D:2: 1212 daAuts
  Lair:5: 1190 daAuts
  Lair:1: 1147 daAuts
     D:4: 937 daAuts
   IceCv: 854 daAuts
